TOP OF THE 1ST |
Staten Island Yankees batting - Pitching for Hudson Valley Renegades : LHP Jake Fields
|
Pitching: LHP Jake Fields
|
|
Batting: RHB Norimoto Miyanishi
|
0-0: Fly out, F4 (Popup, 34, EV 65.0 MPH)
|
Batting: RHB Brad Wren
|
0-0: Called Strike 0-1: Ball 1-1: Called Strike 1-2: Foul Ball, location: 2F 1-2: Foul Ball, location: 2F 1-2: Foul Ball, location: 2F 1-2: Strikes out swinging
|
Batting: LHB Carlos Palau
|
0-0: SINGLE (Groundball, 4S, EV 98.8 MPH)
|
Batting: RHB Pat Pemberton
|
0-0: Called Strike 0-1: Called Strike 0-2: Strikes out looking
|
Top of the 1st over - 0 runs, 1 hit, 0 errors, 1 left on base; Staten Island 0 - Hudson Valley 0 |
BOTTOM OF THE 1ST |
Hudson Valley Renegades batting - Pitching for Staten Island Yankees : RHP Ben Cunningham
|
Pitching: RHP Ben Cunningham
|
|
Batting: LHB Jonathan Spino
|
0-0: Ball 1-0: Ball 2-0: Ball 3-0: Called Strike 3-1: SINGLE (Flyball, 56D, EV 86.9 MPH)
|
Batting: LHB Dan Hunt
|
0-0: SINGLE (Groundball, 34, EV 105.6 MPH) Jonathan Spino to second Runner from 2nd tries for 3rd, SAFE, throw by RF made to third
|
Batting: RHB Alex Koral
|
0-0: Called Strike Dan Hunt steals 2nd base 0-1: Swinging Strike 0-2: Strikes out swinging
|
Batting: SHB Joshua Jackson
|
0-0: Ball 1-0: Ball 2-0: Called Strike 2-1: Ball 3-1: Base on Balls
|
Batting: RHB Jon Gonzales
|
0-0: Foul Ball, location: 2F 0-1: Ball 1-1: Foul Ball, location: 2F 1-2: Ball 2-2: SINGLE (Flyball, 78M, EV 95.0 MPH) Jonathan Spino scores Dan Hunt to third Joshua Jackson to second
|
Batting: RHB Mikey Sano
|
0-0: Called Strike 0-1: Foul Ball, location: 2F 0-2: Ball Wild Pitch! Dan Hunt scores Joshua Jackson to third Jon Gonzales to second 1-2: Ball 2-2: Ball 3-2: Base on Balls
|
Batting: RHB Wan-ling Zhu
|
0-0: Fly out, F9 (Flyball, 9D, EV 101.2 MPH) Runner from 3rd tags up, SCORES, no throw by RF
|
Batting: RHB Chris Glavin
|
0-0: Called Strike 0-1: Swinging Strike 0-2: Ball 1-2: Strikes out swinging
|
Bottom of the 1st over - 3 runs, 3 hits, 0 errors, 2 left on base; Staten Island 0 - Hudson Valley 3 |
TOP OF THE 2ND |
Staten Island Yankees batting - Pitching for Hudson Valley Renegades : LHP Jake Fields
|
Batting: SHB Adam Slade
|
0-0: Ball 1-0: Ball 2-0: Ball 3-0: Base on Balls
|
Batting: LHB Justin Short
|
0-0: Ball 1-0: Swinging Strike 1-1: Foul Ball, location: 2F 1-2: Strikes out looking
|
Batting: RHB Jesus Ruiz
|
0-0: Ball 1-0: Fly out, F8 (Flyball, 78M, EV 77.5 MPH)
|
Batting: RHB Danny Ayala
|
0-0: Ball 1-0: Called Strike 1-1: Ball 2-1: Foul Ball, location: 2F 2-2: Ball 3-2: Foul Ball, location: 2F 3-2: Ground out 3-1 (Groundball, 34S, EV 70.0 MPH)
|
Top of the 2nd over - 0 runs, 0 hits, 0 errors, 1 left on base; Staten Island 0 - Hudson Valley 3 |
BOTTOM OF THE 2ND |
Hudson Valley Renegades batting - Pitching for Staten Island Yankees : RHP Ben Cunningham
|
Batting: LHB Sean Boenig
|
0-0: Ball 1-0: Called Strike 1-1: Ground out 6-3 (Groundball, 6, EV 86.2 MPH)
|
Batting: LHB Jonathan Spino
|
0-0: SINGLE (Groundball, 4S, EV 98.1 MPH)
|
Batting: LHB Dan Hunt
|
0-0: Ball Jonathan Spino steals 2nd base 1-0: Swinging Strike 1-1: Ball 2-1: Ball Jonathan Spino is caught stealing 3rd base 2-5 3-1: TRIPLE (Flyball, 89XD, EV 110.6 MPH)
|
Batting: RHB Alex Koral
|
0-0: Called Strike 0-1: Called Strike 0-2: Ball 1-2: Fly out, F2 (Popup, 23F, EV 93.8 MPH)
|
Bottom of the 2nd over - 0 runs, 2 hits, 0 errors, 1 left on base; Staten Island 0 - Hudson Valley 3 |
TOP OF THE 3RD |
Staten Island Yankees batting - Pitching for Hudson Valley Renegades : LHP Jake Fields
|
Batting: LHB Danny de Leon
|
0-0: Called Strike 0-1: Foul Ball, location: 2F 0-2: Ball 1-2: Strikes out looking
|
Batting: RHB Norimoto Miyanishi
|
0-0: Ball 1-0: Foul Ball, location: 2F 1-1: Foul Ball, location: 2F 1-2: Ball 2-2: Foul Ball, location: 2F 2-2: Strikes out swinging
|
Batting: RHB Brad Wren
|
0-0: Called Strike 0-1: Fly out, F8 (Flyball, 8RM, EV 89.4 MPH)
|
Top of the 3rd over - 0 runs, 0 hits, 0 errors, 0 left on base; Staten Island 0 - Hudson Valley 3 |
BOTTOM OF THE 3RD |
Hudson Valley Renegades batting - Pitching for Staten Island Yankees : RHP Ben Cunningham
|
Batting: SHB Joshua Jackson
|
0-0: Ball 1-0: Called Strike 1-1: Ball 2-1: Ball 3-1: Foul Ball, location: 2F 3-2: Base on Balls
|
Batting: RHB Jon Gonzales
|
0-0: Ball 1-0: Ball 2-0: Swinging Strike 2-1: Foul Ball, location: 2F 2-2: Fly out, F8 (Flyball, 89D, EV 96.2 MPH)
|
Batting: RHB Mikey Sano
|
0-0: Swinging Strike 0-1: Ball 1-1: Fly out, F9 (Flyball, 9D, EV 97.5 MPH)
|
Batting: RHB Wan-ling Zhu
|
0-0: Ball 1-0: Called Strike 1-1: Ball 2-1: Ball Pickoff Throw to First - Out! 1-3
|
Bottom of the 3rd over - 0 runs, 0 hits, 0 errors, 0 left on base; Staten Island 0 - Hudson Valley 3 |
TOP OF THE 4TH |
Staten Island Yankees batting - Pitching for Hudson Valley Renegades : LHP Jake Fields
|
Batting: LHB Carlos Palau
|
0-0: Ground out 4-3 (Groundball, 4, EV 85.6 MPH)
|
Batting: RHB Pat Pemberton
|
0-0: Ball 1-0: Foul Ball, location: 2F 1-1: Ball 2-1: Foul Ball, location: 2F 2-2: SINGLE (Groundball, 34D, EV 108.8 MPH)
|
Batting: SHB Adam Slade
|
0-0: Swinging Strike 0-1: Foul Ball, location: 2F 0-2: Ball 1-2: Fly out, F8 (Line Drive, 8RM, EV 109.4 MPH)
|
Batting: LHB Justin Short
|
0-0: Foul Ball, location: 2F 0-1: Foul Ball, location: 2F 0-2: Fly out, F8 (Flyball, 8LXD, EV 75.0 MPH)
|
Top of the 4th over - 0 runs, 1 hit, 0 errors, 1 left on base; Staten Island 0 - Hudson Valley 3 |
BOTTOM OF THE 4TH |
Hudson Valley Renegades batting - Pitching for Staten Island Yankees : RHP Ben Cunningham
|
Batting: RHB Wan-ling Zhu
|
0-0: Called Strike 0-1: Ball 1-1: Foul Ball, location: 2F 1-2: Foul Ball, location: 2F 1-2: Ground out 4-3 (Groundball, 4, EV 86.2 MPH)
|
Batting: RHB Chris Glavin
|
0-0: Ball 1-0: Swinging Strike 1-1: Ball 2-1: Ball 3-1: Foul Ball, location: 2F 3-2: Fly out, F8 (Line Drive, 8LD, EV 95.6 MPH)
|
Batting: LHB Sean Boenig
|
0-0: Swinging Strike 0-1: Ball 1-1: Ball 2-1: SINGLE (Groundball, 34D, EV 96.2 MPH)
|
Pitching: RHP Gary Salazar
|
|
Batting: LHB Jonathan Spino
|
0-0: Ball 1-0: Called Strike Sean Boenig steals 2nd base (no throw) 1-1: Ball 2-1: Swinging Strike 2-2: Foul Ball, location: 2F 2-2: Foul Ball, location: 2F 2-2: Ground out 2-3 (Groundball, 13S, EV 70.0 MPH)
|
Bottom of the 4th over - 0 runs, 1 hit, 0 errors, 1 left on base; Staten Island 0 - Hudson Valley 3 |
TOP OF THE 5TH |
Staten Island Yankees batting - Pitching for Hudson Valley Renegades : LHP Jake Fields
|
Batting: RHB Jesus Ruiz
|
0-0: Called Strike 0-1: Ball 1-1: Ball 2-1: Ball 3-1: Foul Ball, location: 2F 3-2: Foul Ball, location: 2F 3-2: Foul Ball, location: 2F 3-2: Foul Ball, location: 2F 3-2: Foul Ball, location: 2F 3-2: Foul Ball, location: 2F 3-2: Foul Ball, location: 2F 3-2: Fly out, F9 (Flyball, 9D, EV 106.2 MPH)
|
Batting: RHB Danny Ayala
|
0-0: Ball 1-0: Swinging Strike 1-1: Ground out 4-3 (Groundball, 4, EV 78.1 MPH)
|
Batting: LHB Danny de Leon
|
0-0: Fly out, F9 (Flyball, 9D, EV 100.0 MPH)
|
Top of the 5th over - 0 runs, 0 hits, 0 errors, 0 left on base; Staten Island 0 - Hudson Valley 3 |
BOTTOM OF THE 5TH |
Hudson Valley Renegades batting - Pitching for Staten Island Yankees : RHP Gary Salazar
|
Batting: LHB Dan Hunt
|
0-0: Ball 1-0: Ball 2-0: Reached on error, E6 (Groundball, 6, EV 85.6 MPH)
|
Batting: RHB Alex Koral
|
0-0: Called Strike 0-1: Ball Balk! Dan Hunt to third 1-1: Foul Ball, location: 2F 1-2: SINGLE (Groundball, 15S, EV 71.9 MPH) (infield hit)
|
Batting: SHB Joshua Jackson
|
0-0: Called Strike 0-1: SINGLE (Line Drive, 8LS, EV 96.2 MPH) Dan Hunt scores Alex Koral to second
|
Batting: RHB Jon Gonzales
|
0-0: Grounds into double play, 6-4-3 (Groundball, 6, EV 104.4 MPH) Alex Koral to third
|
Batting: RHB Mikey Sano
|
0-0: Ball 1-0: Ball 2-0: Ball 3-0: Base on Balls
|
Batting: RHB Wan-ling Zhu
|
0-0: Ball 1-0: Foul Ball, location: 2F 1-1: Ball 2-1: Foul Ball, location: 2F 2-2: Foul Ball, location: 2F 2-2: Ball 3-2: Fly out, F7 (Flyball, 7, EV 84.4 MPH)
|
Bottom of the 5th over - 1 run, 2 hits, 1 error, 2 left on base; Staten Island 0 - Hudson Valley 4 |
TOP OF THE 6TH |
Staten Island Yankees batting - Pitching for Hudson Valley Renegades : LHP Jake Fields
|
Batting: RHB Norimoto Miyanishi
|
0-0: Ball 1-0: Ground out 6-3 (Groundball, 56, EV 82.5 MPH)
|
Batting: RHB Brad Wren
|
0-0: Ball 1-0: Foul Ball, location: 2F 1-1: Swinging Strike 1-2: Ground out 1-3 (Groundball, 13S, EV 71.2 MPH)
|
Batting: LHB Carlos Palau
|
0-0: DOUBLE (Line Drive, 78D, EV 113.8 MPH)
|
Batting: RHB Pat Pemberton
|
0-0: Called Strike 0-1: Called Strike 0-2: Hit by Pitch
|
Batting: SHB Adam Slade
|
0-0: Fly out, F8 (Flyball, 8LD, EV 100.0 MPH)
|
Top of the 6th over - 0 runs, 1 hit, 0 errors, 2 left on base; Staten Island 0 - Hudson Valley 4 |
BOTTOM OF THE 6TH |
Hudson Valley Renegades batting - Pitching for Staten Island Yankees : RHP Gary Salazar
|
Pitching: RHP Jake Bryant
|
|
Batting: RHB Chris Glavin
|
0-0: Called Strike 0-1: Ball 1-1: Called Strike 1-2: Ball 2-2: Ball 3-2: Base on Balls
|
Batting: LHB Sean Boenig
|
0-0: Called Strike 0-1: SINGLE (Groundball, 34S, EV 68.8 MPH) (infield hit) Chris Glavin to second
|
Batting: LHB Jonathan Spino
|
0-0: Called Strike 0-1: Called Strike 0-2: Ball 1-2: Ball 2-2: Foul Ball, location: 2F 2-2: Strikes out swinging
|
Batting: LHB Dan Hunt
|
0-0: Foul Ball, location: 2F 0-1: Called Strike 0-2: Foul Ball, location: 2F 0-2: Ball 1-2: Ball Wild Pitch! Chris Glavin to third Sean Boenig to second 2-2: Strikes out swinging
|
Batting: RHB Alex Koral
|
0-0: Foul Ball, location: 2F 0-1: Foul Ball, location: 2F 0-2: Ball 1-2: Strikes out swinging
|
Bottom of the 6th over - 0 runs, 1 hit, 0 errors, 2 left on base; Staten Island 0 - Hudson Valley 4 |
TOP OF THE 7TH |
Staten Island Yankees batting - Pitching for Hudson Valley Renegades : LHP Jake Fields
|
Batting: LHB Justin Short
|
0-0: Called Strike 0-1: Ball 1-1: Ball 2-1: Ground out 5-3 (Groundball, 5, EV 91.2 MPH)
|
Batting: RHB Jesus Ruiz
|
0-0: Ball 1-0: Called Strike 1-1: Ball 2-1: Ground out 4-3 (Groundball, 4, EV 87.5 MPH)
|
Batting: RHB Danny Ayala
|
0-0: Fly out, F7 (Line Drive, 7LM, EV 108.8 MPH)
|
Top of the 7th over - 0 runs, 0 hits, 0 errors, 0 left on base; Staten Island 0 - Hudson Valley 4 |
BOTTOM OF THE 7TH |
Hudson Valley Renegades batting - Pitching for Staten Island Yankees : RHP Jake Bryant
|
Batting: SHB Joshua Jackson
|
0-0: Swinging Strike 0-1: Ball 1-1: Swinging Strike 1-2: Ball 2-2: Strikes out swinging
|
Batting: RHB Jon Gonzales
|
0-0: Swinging Strike 0-1: Fly out, F7 (Flyball, 7, EV 90.6 MPH)
|
Batting: RHB Mikey Sano
|
0-0: Called Strike 0-1: Called Strike 0-2: Ball 1-2: Strikes out swinging
|
Bottom of the 7th over - 0 runs, 0 hits, 0 errors, 0 left on base; Staten Island 0 - Hudson Valley 4 |
TOP OF THE 8TH |
Staten Island Yankees batting - Pitching for Hudson Valley Renegades : LHP Jake Fields
|
Now in LF: Joe Hartigan
|
|
Batting: LHB Danny de Leon
|
0-0: Called Strike 0-1: Ball 1-1: Called Strike 1-2: Reached on error, E3 (Groundball, 34, EV 81.2 MPH)
|
Batting: RHB Norimoto Miyanishi
|
0-0: Called Strike 0-1: Ground out 6-3 (Groundball, P, EV 82.5 MPH) Danny de Leon to second
|
Batting: RHB Brad Wren
|
0-0: Called Strike 0-1: Fly out, F8 (Flyball, 8LM, EV 86.9 MPH)
|
Batting: LHB Carlos Palau
|
0-0: Ground out U3 (Groundball, 3, EV 110.0 MPH)
|
Top of the 8th over - 0 runs, 0 hits, 1 error, 1 left on base; Staten Island 0 - Hudson Valley 4 |
BOTTOM OF THE 8TH |
Hudson Valley Renegades batting - Pitching for Staten Island Yankees : RHP Jake Bryant
|
Batting: RHB Wan-ling Zhu
|
0-0: Ball 1-0: Ball 2-0: Called Strike 2-1: Foul Ball, location: 2F 2-2: Foul Ball, location: 2F 2-2: Foul Ball, location: 2F 2-2: Foul Ball, location: 2F 2-2: Ball 3-2: Fly out, F3 (Line Drive, 3, EV 68.1 MPH)
|
Batting: RHB Chris Glavin
|
0-0: Ball 1-0: Called Strike 1-1: Foul Ball, location: 2F 1-2: Ball 2-2: Ball 3-2: Ground out 5-3 (Groundball, 56S, EV 85.6 MPH)
|
Pitching: RHP Kenny Samuels
|
|
Batting: LHB Sean Boenig
|
0-0: Ball 1-0: Called Strike 1-1: Foul Ball, location: 2F 1-2: Foul Ball, location: 2F 1-2: Ball 2-2: Foul Ball, location: 2F 2-2: Ball 3-2: Strikes out swinging
|
Bottom of the 8th over - 0 runs, 0 hits, 0 errors, 0 left on base; Staten Island 0 - Hudson Valley 4 |
TOP OF THE 9TH |
Staten Island Yankees batting - Pitching for Hudson Valley Renegades : LHP Jake Fields
|
Batting: RHB Pat Pemberton
|
0-0: Foul Ball, location: 2F 0-1: Ball 1-1: Ball 2-1: Swinging Strike 2-2: TRIPLE (Flyball, 89XD, EV 113.1 MPH)
|
Batting: SHB Adam Slade
|
0-0: Ball 1-0: Swinging Strike 1-1: Called Strike 1-2: Ball 2-2: Ball 3-2: Ground out 5-3 (Groundball, 56S, EV 86.2 MPH) Pat Pemberton scores
|
Batting: LHB Justin Short
|
0-0: Ball 1-0: Called Strike 1-1: Fly out, F8 (Flyball, 89M, EV 96.9 MPH)
|
Pitching: RHP Bobby Valenzuela
|
|
Batting: RHB Jesus Ruiz
|
0-0: Ball 1-0: Called Strike 1-1: Swinging Strike 1-2: Strikes out swinging
|
Top of the 9th over - 1 run, 1 hit, 0 errors, 0 left on base; Staten Island 1 - Hudson Valley 4 |
|